 Dungeon Crawl Stone Soup version 0.21.1-1-g345015f (webtiles) character file.

38 tidbits the Insei (level 3, 17/28 HPs)
             Began as a Gnoll Transmuter on Mar 6, 2018.
             Was a Follower of Qazlal.
             Quit the game on level 3 of the Dungeon.
             The game lasted 00:04:08 (538 turns).

tidbits the Insei (Gnoll Transmuter)                 Turns: 538, Time: 00:04:09

Health: 17/28      AC:  4    Str: 12    XL:     3   Next: 43%
Magic:  6/9        EV: 14    Int: 16    God:    Qazlal [*.....]
Gold:   95         SH:  1    Dex: 15    Spells: 6/12 levels left

rFire    . . .     SeeInvis .     - Unarmed
rCold    . . .     Gourm    .   (no shield)
rNeg     . . .     Faith    .   b - +0 robe
rPois    .         Spirit   .   (no helmet)
rElec    .         Reflect  .   C - +1 cloak
rCorr    .         Harm     .   (no gloves)
MR       .....                  (no boots)
Stlth    +.........             (no amulet)
HPRegen  0.09/turn              l - ring of loudness (curse)
MPRegen  0.11/turn              (no ring)

@: no status effects
A: distributed training, fangs 1, strong nose
a: Renounce Religion


You were on level 3 of the Dungeon.
You worshipped Qazlal.
Qazlal was aware of your devotion.
You were not hungry.

You visited 1 branch of the dungeon, and saw 3 of its levels.

You collected 95 gold pieces.

Inventory:

Hand Weapons
 j - a +0 trident
 o - a +0 rapier
Missiles
 a - 11 arrows
 n - 14 stones (quivered)
Armour
 b - a +0 robe (worn)
 C - a +1 cloak (worn)
Jewellery
 l - a cursed ring of loudness (left hand)
   (You found it on level 3 of the Dungeon)
Scrolls
 e - a scroll of teleportation {unknown}
 f - a scroll of immolation {unknown}
 g - 2 scrolls of remove curse {unknown}
 h - a scroll of noise {unknown}
 m - a scroll of amnesia {unknown}
 p - a scroll of enchant weapon {unknown}
Potions
 i - 2 potions of agility {unknown}
 k - a potion of haste {unknown}
 q - a potion of curing {unknown}
Books
 c - a book of Changes

   Spells                             Type                      Level
   a - Beastly Appendage              Transmutation                1
   b - Sticks to Snakes               Transmutation                2
   c - Spider Form                    Transmutation/Poison         3
   d - Ice Form                       Ice/Transmutation            4
   e - Blade Hands                    Transmutation                5
Comestibles
 d - 2 rations


   Skills:
 + Level 2.6 Fighting
 + Level 0.7 Short Blades
 + Level 0.7 Long Blades
 + Level 0.7 Axes
 + Level 0.7 Maces & Flails
 + Level 0.7 Polearms
 + Level 0.7 Staves
 + Level 0.7 Slings
 + Level 0.7 Bows
 + Level 0.7 Crossbows
 + Level 0.7 Throwing
 + Level 0.7 Armour
 + Level 4.5 Dodging
 + Level 0.7 Stealth
 + Level 0.7 Shields
 + Level 6.5 Unarmed Combat
 + Level 5.0 Spellcasting
 + Level 0.5 Conjurations
 + Level 0.5 Hexes
 + Level 0.5 Charms
 + Level 0.5 Summonings
 + Level 0.5 Necromancy
 + Level 0.5 Translocations
 + Level 3.7 Transmutations
 + Level 0.5 Fire Magic
 + Level 0.5 Ice Magic
 + Level 0.5 Air Magic
 + Level 0.5 Earth Magic
 + Level 0.5 Poison Magic
 + Level 0.9 Invocations
 + Level 0.7 Evocations


You had 6 spell levels left.
You knew the following spells:

 Your Spells              Type           Power        Failure   Level  Hunger
e - Beastly Appendage     Tmut           ###...       3%          1    None
k - Sticks to Snakes      Tmut           ###.....     4%          2    #......
p - Spider Form           Tmut/Pois      ##........   19%         3    ###....


Dungeon Overview and Level Annotations

Branches:
Dungeon (3/15)

Altars:
Qazlal


Innate Abilities, Weirdness & Mutations

Your experience applies equally to all skills.
You have very sharp teeth.
Your uncanny sense of smell can sniff out nearby items.


Message History

The adder is lightly wounded.
You feel sick. The adder misses you.
You hit the adder.
The adder looks as sick as possible!
The adder is heavily wounded.
The adder misses you.
You barely miss the adder.
The adder is heavily wounded.
You feel sick.
You kill the adder!
Your Spellcasting skill increases to level 5!
You feel sick.
You open the door.
You feel sick.
Found 13 gold pieces.
There is an open door here.
A rat comes into view.
Found 14 stones.
The helpless rat fails to defend itself.
You hit the rat.
The rat is poisoned.
The rat is moderately wounded.
You feel sick. The rat completely misses you.
You barely miss the rat.
The rat is severely wounded.
The rat completely misses you.
You bite the rat!
You kill the rat!
Your transformation is almost over.
You see here a rat corpse.
You feel sick.
You see here 14 stones.
n - 14 stones You feel sick.
You see here 13 gold pieces.
You now have 87 gold pieces (gained 13).
Your transformation has ended.
Your +1 cloak unmelds from your body.
Your +0 robe unmelds from your body.
A dart slug comes into view.
Found 7 stones.
You feel sick.
Found a scroll labeled NIOKEK ECWEAR and a rapier.
Unknown command.
Casting: Spider Form
Confirm with . or Enter, or press ? or * to list all spells.
You turn into a venomous arachnid creature.
Your +1 cloak melds into your body.
Your +0 robe melds into your body.
Unknown command.
Casting: Spider Form
Confirm with . or Enter, or press ? or * to list all spells.
You miscast Spider Form.
Multicoloured lights dance before your eyes!
Your transformation is almost over.
You feel sick.
You are no longer poisoned.
A hobgoblin comes into view.
The hobgoblin shouts!
The dart slug launches a dart at you. The slug dart misses you.
You hit the dart slug.
The dart slug is poisoned.
The dart slug is lightly wounded.
You bite the dart slug!
You kill the dart slug!
You see here a dart slug corpse.
You closely miss the hobgoblin. The hobgoblin misses you.
You hit the hobgoblin.
The hobgoblin is poisoned.
The hobgoblin is moderately wounded.
The hobgoblin completely misses you.
You barely miss the hobgoblin.
The hobgoblin is severely wounded.
The hobgoblin completely misses you.
You bite the hobgoblin!
You kill the hobgoblin!
Your transformation has ended.
Your +1 cloak unmelds from your body.
Your +0 robe unmelds from your body.
You see here a rapier.
o - a rapier You see here a scroll labeled NIOKEK ECWEAR.
g - 2 scrolls labeled NIOKEK ECWEAR (gained 1)
There is a stone staircase leading down, spattered with blood here.
You climb downwards.
There is a stone staircase leading up here.
Unknown command.
Your magical contamination has completely faded away.
You see here a ration.
d - 2 rations (gained 1)
Found a scale mail.
Found a scroll labeled INWIDE YMAOP and 8 gold pieces.
Found a silvery potion.
Found a faded altar of an unknown god.
You see here a scroll labeled INWIDE YMAOP.
p - a scroll labeled INWIDE YMAOP You see here 8 gold pieces.
You now have 95 gold pieces (gained 8).
You see here a silvery potion.
q - a silvery potion
There is a faded altar of an unknown god here.
You cannot tell which god this altar belongs to.
Convert to them anyway?
Qazlal accepts your prayer! Qazlal welcomes you!
Qazlal grants you immunity to clouds.
You are surrounded by a storm.
Are you sure you want to abandon this character and quit the game? (Confirm with "yes".)

#.. #.# #.#
#. #.# #.#
######.#
#.###...
####...##.#
#... ...
##.........#
#..# ...
#...♣..###.#
#..##...
#.....♣@♣.#
#.###..# .>.
#.###..♣..#
#...#.<##...
# #.....#
#.#.........
###..##
#...#.##.#.#
#.##
##.##.##.#.#
.#
#.##.......
..#####.#.#
##.# #.#.#
#. #.#.#


There were no monsters in sight!

Vanquished Creatures
  An adder (D:2)
  A dart slug (D:2)
  3 leopard geckos
  3 giant cockroaches
  2 hobgoblins (D:2)
  5 jackals
  A quokka (D:2)
  3 bats
  A frilled lizard (D:1)
  3 rats
23 creatures vanquished.

Notes
Turn   | Place    | Note
-------+----------+-------------------------------------------
     0 | D:1      | tidbits the Gnoll Transmuter began the quest for the Orb.
     0 | D:1      | Reached XP level 1. HP: 17/17 MP: 6/6
   164 | D:1      | Reached XP level 2. HP: 23/23 MP: 5/7
   168 | D:1      | Learned a level 2 spell: Sticks to Snakes
   430 | D:3      | Reached XP level 3. HP: 27/28 MP: 7/9
   435 | D:3      | Learned a level 3 spell: Spider Form
   454 | D:2      | Reached skill level 5 in Spellcasting
   521 | D:3      | Found a faded altar of an unknown god.
   537 | D:3      | Became a worshipper of Qazlal Stormbringer
   537 | D:3      | Reached * piety under Qazlal
   538 | D:3      | Quit the game

Skill      XL: |  1  2  3 |
---------------+----------+-----
Spellcasting   | 5 |  5.0
Fighting       | |  2.6
Short Blades   | |  0.7
Long Blades    | |  0.7
Axes           | |  0.7
Maces & Flails | |  0.7
Polearms       | |  0.7
Staves         | |  0.7
Slings         | |  0.7
Bows           | |  0.7
Crossbows      | |  0.7
Throwing       | |  0.7
Armour         | |  0.7
Dodging        | |  4.5
Stealth        | |  0.7
Shields        | |  0.7
Unarmed Combat | |  6.5
Conjurations   | |  0.5
Hexes          | |  0.5
Charms         | |  0.5
Summonings     | |  0.5
Necromancy     | |  0.5
Translocations | |  0.5
Transmutations | |  3.7
Fire Magic     | |  0.5
Ice Magic      | |  0.5
Air Magic      | |  0.5
Earth Magic    | |  0.5
Poison Magic   | |  0.5
Invocations    | |  0.9
Evocations     | |  0.7

Action                   || total
-------------------------++-------
Melee: Unarmed           ||    58
       Kick              ||     2
       Headbutt          ||     3
       Bite              ||     2
 Cast: Beastly Appendage ||    10
       Sticks to Snakes  ||     1
       Spider Form       ||     2
 Stab: Sleeping          ||     1
Armor: Robe              ||    11
       Skin              ||     1
Dodge: Dodged            ||    37

Table legend:
 A = Turns spent in this place as a percentage of turns spent in the entire game.
 B = Non-inter-level travel turns spent in this place as a percentage of non-inter-level travel turns spent in the entire game.
 C = Inter-level travel turns spent in this place as a percentage of turns spent in this place.
 D = Turns resting spent in this place as a percentage of non-inter-level travel turns spent in this place.
 E = Turns spent auto-exploring this place as a percentage of non-inter-level travel turns spent in this place.
 F = Non-inter-level travel turns spent in this place divided by the number of levels of this place that you've seen.
                   A       B       C       D       E      F
               +-------+-------+-------+-------+-------+----------------------
         Total | 100.0 | 100.0 |   0.0 |   0.0 |   0.0 | 179.3
       Dungeon | 100.0 | 100.0 |   0.0 |   0.0 |   0.0 | 179.3
               +-------+-------+-------+-------+-------+----------------------

Table legend:
 A = Kills in this place as a percentage of kills in entire the game.
 B = Kills by you in this place as a percentage of kills by you in the entire game.
 C = Kills by friends in this place as a percentage of kills by friends in the entire game.
 D = Other kills in this place as a percentage of other kills in the entire game.
 E = Experience gained in this place as a percentage of experience gained in the entire game.
 F = Experience gained in this place divided by the number of levels of this place that you have seen.
                   A       B       C       D       E      F
               +-------+-------+-------+-------+-------+----------------------
         Total | 100.0 | 100.0 |   N/A |   N/A | 100.0 |  18.3
       Dungeon | 100.0 | 100.0 |   N/A |   N/A | 100.0 |  18.3
               +-------+-------+-------+-------+-------+----------------------

Vault maps used:
D:1:      dpeg_arrival_solitude, minmay_misc_feat_encased, glass_columns_a
D:2:      elyvilon_altar_4
D:3:      gammafunk_temple_overflow_elements, chequers_ecumenical_altar_simple,
          uniq_ijyb, uniq_grinder
